 Dungeon Crawl Stone Soup version 0.30-a0-719-gcc4359ea44 (webtiles) character file.

Game seed: 5896270759229634493

25 kae the Insei (level 2, -3/21 HPs)
             Began as a Demonspawn Transmuter on Jan 26, 2023.
             Slain by a goblin
             ... wielding a +0 club
             ... led by Robin
              (5 damage)
             ... on level 2 of the Dungeon.
             The game lasted 00:00:45 (714 turns).

kae the Insei (Demonspawn Transmuter)                Turns: 714, Time: 00:00:46

Health: -3/21      AC:  2    Str: 10    XL:     2   Next: 82%
Magic:  2/5        EV: 12    Int: 14    God:
Gold:   36         SH:  0    Dex: 13    Spells: 2/5 levels left

rFire   . . .      SeeInvis .      - Unarmed
rCold   . . .      Faith    .    (no shield)
rNeg    . . .      Spirit   .    a - +0 robe
rPois   .          Reflect  .    (helmet currently unavailable)
rElec   .          Harm     .    (no cloak)
rCorr   .          Rampage  .    (no gloves)
Will    .....                    (boots currently unavailable)
Stlth   +                        (no amulet)
HPRegen 0.23/turn                (no ring)
MPRegen 0.09/turn                (no ring)

@: appendages (expiring), very slightly contaminated
A: horns 2, talons 2, foul stench 1
a: End Transformation


You were on level 2 of the Dungeon.
You had temporarily grown beastly horns and talons.
You visited 1 branch of the dungeon, and saw 2 of its levels.

You collected 36 gold pieces.


Innate Abilities, Weirdness & Mutations

You have temporarily grown beastly horns and talons.
You may rarely emit foul miasma when damaged in melee.


   Skills:
 - Level 1.0 Fighting
 - Level 1.7 Dodging
 + Level 3.0 Unarmed Combat
 + Level 2.3 Spellcasting
 * Level 2.5 Transmutations


You had 2 spell levels left.
You knew the following spells:

 Your Spells              Type           Power      Damage    Failure   Level
a - Beastly Appendage     Tmut           16%        N/A       9%          1
b - Wereblood             Tmut           8%         N/A       12%         2

Your spell library contained the following spells:

 Spells                   Type           Power      Damage    Failure   Level
 Spider Form              Tmut/Pois      5%         N/A       38%         3
 Ice Form                 Ice/Tmut       5%         N/A       80%         4

Inventory:

Missiles
 c - 4 stones
 g - 5 javelins
Armour
 a - a +0 robe (worn)
Jewellery
 S - a +6 ring of strength
   (You found it on level 2 of the Dungeon)
Scrolls
 d - 2 scrolls of amnesia {unknown}
 e - 6 scrolls of teleportation {unknown}
Potions
 b - a potion of lignification {!q}
 f - 2 potions of curing {unknown}

Dungeon Overview and Level Annotations

Branches:
Dungeon (2/15) Zot: 11286

Altars:

Annotations:
D:2 Robin

#.....# ####.##
#.)...# #..#
##'#### ##.## #.#
#..## #.# ##..#
#.# ### ##.####
#.# #.# #....##
#.# #g# ####..###
####.# #@# ##....
#....#########.#
#####
#.##.........#g#
#.##.#######.#.#
###.##.#.# #.#.#
.##.##.#.#####.#.#
.##.##.#.........#
.##.##.#.#####.###
.'.....g.g.....#


You could see Robin (fast) and a goblin (strong).


Message History

The bat closely misses you.
A bat is nearby!
Unknown command.
A bat is nearby!
You closely miss the bat. You claw the bat. The bat misses you.
You hit the bat.
You kill the bat!
Your Unarmed Combat skill increases to level 3!
Your transformation is almost over. 😎 MP[+1]
Your mp is fully restored (5).
The gnoll shouts!
Your horns disappear.
Your talons disappear.
As you open the door, it creaks loudly!
There is an open door here.
There is a stone staircase leading down here.
You climb downwards.
There is a stone staircase leading up here.
Found a stone staircase leading down.
Unknown command.
There is a stone staircase leading down here.
g - 5 javelins You open the door.
There is an open door here.
A rat comes into view.
A rat is nearby!
A rat is nearby!
A rat is nearby!
Casting: Beastly Appendage (safe; 9% risk of failure)
Confirm with . or Enter, or press ? or * to list all spells.
You grow a pair of large bovine horns.
Your feet morph into talons. 😎 MP[-1]
You lost 1 mp, and now have 4/5 mp.
You hit the rat.
You kill the rat!
No target in view!
Your transformation is almost over.
There is an open door here.
Your horns disappear.
Your talons disappear.
Things that are here:
a +0 club; a kobold skeleton
There is an open door here.
Key pressed, stopping explore.
You open the door.
There is an open door here.
A goblin comes into view. It is wielding a +0 club.
The goblin shouts!
You hear a shout!
Robin opens the door.
A goblin comes into view. It is wielding a +0 club. 😎 MP[+1]
Your mp is fully restored (5).
There are monsters nearby!
Robin roars a battlecry!
There is an open door here.
The goblin no longer looks unusually strong.
There is a stone staircase leading up here.
Casting: Beastly Appendage (safe; 9% risk of failure)
Confirm with . or Enter, or press ? or * to list all spells.
You grow a pair of large bovine horns.
Your feet morph into talons.
Robin roars a battlecry!
The goblins go into a battle-frenzy!
You hear a shout! 😎 MP[-1]
You lost 1 mp, and now have 4/5 mp.
Casting: Beastly Appendage (safe; 9% risk of failure)
Confirm with . or Enter, or press ? or * to list all spells.
You miscast Wereblood.
You are very lightly contaminated with residual magic.
Nothing appears to happen.
The goblin hits you with a +0 club.
You emit a cloud of foul miasma! 😕 HP[-4] MP[-2]
You take 4 damage, and now have 17/21 hp.
You lost 2 mp, and now have 2/5 mp.
You miss the goblin. Your kick misses the goblin.
The goblin is engulfed in dark miasma.
The goblin is poisoned.
You kill the goblin!
Robin drinks a potion.
Robin seems to speed up.
The goblin hits you with a +0 club.
You see here a +0 club. 😮 HP[-3]
You take 3 damage, and now have 14/21 hp.
You barely miss the goblin. The goblin barely misses you.
You are too injured to fight recklessly!
You are too injured to fight recklessly!
You hit the goblin but do no damage. Your kick misses the goblin.
Robin throws the goblin at you! The goblin hits you with a +0 club.
* * * LOW HITPOINT WARNING * * *
Robin hits you from afar with a +0 spear.
* * * LOW HITPOINT WARNING * * *
You are too injured to fight recklessly!
You are too injured to fight recklessly! 😨 HP[-8]
You take 8 damage, and now have 6/21 hp.
MASSIVE DAMAGE!! (PAUSE)
You barely miss the goblin.
Your transformation is almost over.
Robin hits you from afar with a +0 spear.
* * * LOW HITPOINT WARNING * * *
The goblin hits you with a +0 club.
You die...

Skill      XL: |  1  2 |
---------------+-------+-----
Transmutations | 2 |  2.5
Unarmed Combat | 3 |  3.0
Fighting       | |  1.0
Dodging        | |  1.7
Spellcasting   | |  2.3

Action                     || total
---------------------------++-------
  Melee: Unarmed           ||    30
         Headbutt          ||     5
         Kick              ||     6
   Cast: Beastly Appendage ||    13
    Use: Potion            ||     1
 Armour: Robe              ||     5
  Dodge: Dodged            ||    15

Levels and vault maps discovered:
D:1:      dpeg_arrival_boxes_within_box, layout_basic, minmay_octomino_j4
D:2:      layout_basic, serial_shops, shop_statue, uniq_robin

Notes
Turn   | Place    | Note
-------+----------+-------------------------------------------
     0 | D:1      | kae the Demonspawn Transmuter began the quest for the Orb.
     0 | D:1      | Reached XP level 1. HP: 15/15 MP: 3/3
     6 | D:1      | magus.rc [v1.11.3]
    57 | D:1      | HP: 1/15 [gnoll/+0 spear (8)]
    59 | D:1      | Reached skill level 2 in Transmutations
    59 | D:1      | Gained mutation: You may rarely emit foul miasma when
                  | damaged in melee. [demonic ancestry]
    59 | D:1      | Reached XP level 2. HP: 2/21 MP: 3/5
   196 | D:1      | Learned a level 2 spell: Wereblood
   545 | D:1      | Reached skill level 3 in Unarmed Combat
   685 | D:2      | Noticed Robin
   714 | D:2      | HP: 2/21 [Robin/+0 spear (4)]
   714 | D:2      | Slain by a goblin

Vanquished Creatures
  A gnoll (D:1)
  A dart slug (D:2)
  A bat (D:1)
  2 endoplasms
  A goblin (D:2)
  2 hobgoblins (D:1)
  A quokka (D:1)
  A kobold (D:2)
  3 rats
13 creatures vanquished.

Table legend:
 A = Non-vault XP
 B = Vault XP
 C = Vault XP percentage of total XP
 D = Non-vault monster count
 E = Vault monster count
 F = Vault count percentage of total count
                 A         B        C        D         E       F
            +---------+---------+-------+---------+---------+-------
      Total |      34 |       2 |   5.6 |      12 |       1 |   7.7
            +---------+---------+-------+---------+---------+-------
        D:1 |      24 |       2 |   7.7 |       7 |       1 |  12.5
        D:2 |      10 |       0 |   0.0 |       5 |       0 |   0.0
            +---------+---------+-------+---------+---------+-------

Illustrated notes

Table legend:
 A = Kills in this place as a percentage of kills in entire the game.
 B = Kills by you in this place as a percentage of kills by you in the entire game.
 C = Kills by friends in this place as a percentage of kills by friends in the entire game.
 D = Other kills in this place as a percentage of other kills in the entire game.
 E = Experience gained in this place as a percentage of experience gained in the entire game.
 F = Experience gained in this place divided by the number of levels of this place that you have seen.
                   A       B       C       D       E      F
               +-------+-------+-------+-------+-------+----------------------
         Total | 100.0 | 100.0 |   N/A |   N/A | 100.0 |  18.0
       Dungeon | 100.0 | 100.0 |   N/A |   N/A | 100.0 |  18.0
               +-------+-------+-------+-------+-------+----------------------

Table legend: (Time is in decaauts)
 A = Elapsed time spent in this place.
 B = Non-inter-level travel time spent in this place.
 C = Inter-level travel time spent in this place.
 D = Time resting spent in this place.
 E = Time spent auto-exploring this place.
 F = Levels seen in this place.
 G = Mean time per level.
                   A        B        C        D        E       F      G
               +--------+--------+--------+--------+--------+-----+--------+
         Total |    712 |    712 |      0 |     42 |    499 |   2 |  356.0 |
       Dungeon |    712 |    712 |      0 |     42 |    499 |   2 |  356.0 |
               +--------+--------+--------+--------+--------+-----+--------+

Top non-repeatable levels by time:
     D:2: 369 daAuts
     D:1: 342 daAuts
